AoeStats
← Tetragamenon11

Arabia

509643829Analyzed
1v1 RM · 6d ago on Sep 27, 2026· 39m 36s· 2 players
Game mode
Random Map
Map size
Tiny (2 player)
Population
200
Speed
Normal
Resources
Standard
Victory
Conquest
Starting age
Dark Age
Ending age
Imperial Age
RankedLock teamsTeams togetherTeam positionsShared explorationLock speedFull tech treeHidden civsTurbo modeCheats
Victory
Defeat
🇵🇪 Inca · Peru
1292
+18
🇩🇪 Britons · Germany
1341
-18
KickersEmden_AoE
7:19 Loom
9:56 Feudal Age
10:42 Double-Bit Axe
16:50 Fletching
21:14 Wheelbarrow
24:29 Castle Age
24:49 Padded Archer Armor
24:39 Crossbowman
25:15 Bodkin Arrow
Tetragamenon11
7:56 Loom
10:19 Feudal Age
10:36 Champi Runner
11:22 Town Watch
11:30 Double-Bit Axe
12:24 Scale Mail Armor
13:54 Forging
16:02 Horse Collar
16:54 Town Watch
20:32 Fletching
23:55 Castle Age
24:27 Champi Warrior
25:55 Gold Mining
26:46 Squires
30:21 Chain Mail Armor
33:10 Bodkin Arrow
Connection lost

Rejoining the realm…

Still unreachable

The connection could not be restored.

Session expired

The server has moved on; the page needs a fresh start.